 Dungeon Crawl Stone Soup version 0.20.0-7-g3b7b877 (webtiles) character file.

1280 shmeve the Chopper (level 8, -5/106 (111) HPs)
             Began as a Minotaur Berserker on May 27, 2017.
             Was a Priest of Trog.
             Slain by a hippogriff (6 damage)
             ... on level 8 of the Dungeon on May 28, 2017.
             The game lasted 00:09:30 (4388 turns).

shmeve the Chopper (Minotaur Berserker)             Turns: 4388, Time: 00:09:30

HP:   -5/106 (111)  AC: 11    Str: 28    XL:     8   Next: 29%
MP:   7/7           EV: 11    Int:  4    God:    Trog [***...]
Gold: 243           SH:  0    Dex: 11    Spells: 7/7 levels left

rFire    . . .     SeeInvis .   a - +0 hand axe
rCold    . . .     Gourm    .   (no shield)
rNeg     + . .     Faith    .   o - +0 chain mail
rPois    .         Spirit   .   (helmet restricted)
rElec    .         Reflect  .   (no cloak)
rCorr    .         Harm     .   (no gloves)
MR       .....                  e - +0 pair of boots
Stlth    ..........             (no amulet)
Regen    0.3/turn               w - ring of positive energy (curse)
MPRegen  0.1/turn               (no ring)

@: berserking, very quick
A: retaliatory headbutt, horns 2
a: Berserk, Trog's Hand, Burn Spellbooks, Renounce Religion


You were on level 8 of the Dungeon.
You worshipped Trog.
Trog was most pleased with you.
You were very hungry.

You visited 1 branch of the dungeon, and saw 6 of its levels.

You collected 308 gold pieces.
You spent 65 gold pieces at shops.

Inventory:

Hand Weapons
 a - a +0 hand axe (weapon)
Armour
 e - a +0 pair of boots (worn)
 o - a +0 chain mail (worn)
Jewellery
 w - a cursed ring of positive energy (left hand)
Scrolls
 b - 4 scrolls of random uselessness {unknown}
 f - 6 scrolls of identify
 i - 6 scrolls of teleportation {unknown}
 l - 6 scrolls of remove curse
 r - 2 scrolls of amnesia {unknown}
 t - a scroll of blinking {unknown}
 v - a scroll of magic mapping {unknown}
 x - a scroll of noise {unknown}
Potions
 g - a potion of degeneration {unknown}
 j - 2 potions of mutation {unknown}
 m - a potion of berserk rage {unknown}
 n - 3 potions of flight {unknown}
 p - a potion of brilliance {unknown}
 q - a potion of agility {unknown}
 s - a potion of invisibility {unknown}
 u - a potion of curing
 A - 2 potions of lignification {unknown}
 B - a potion of might {unknown}
Comestibles
 c - 8 bread rations
 d - a royal jelly
 h - 8 fruits
 k - 5 meat rations


   Skills:
 * Level 7.7 Fighting
 * Level 7.9 Axes
 + Level 5.5 Armour
 + Level 5.0 Dodging


You had 7 spell levels left.
You didn't know any spells.

Dungeon Overview and Level Annotations

Branches:
Dungeon (5/15)
 Temple: D:4-7

Altars:
Ashenzari
Cheibriados
Elyvilon
Nemelex Xobeh
Okawaru
Ru
Sif Muna

Shops:
D:4 ?


Innate Abilities, Weirdness & Mutations

You reflexively headbutt those who attack you in melee.
You have a pair of horns on your head.


Message History

You headbutt the hippogriff, but do no damage.
The hippogriff pecks you. The hippogriff barely misses you.
The two-headed ogre hits you with a giant club!!
The two-headed ogre hits you with a giant club!
* * * LOW HITPOINT WARNING * * *
A red film seems to cover your vision as you go berserk!
You feel yourself moving faster!
You feel mighty!
You are feeling very hungry.
The hippogriff bites you!
* * * LOW HITPOINT WARNING * * *
The hippogriff pecks you but does no damage.
The hippogriff claws you.
* * * LOW HITPOINT WARNING * * *
The two-headed ogre hits you with a giant club.
* * * LOW HITPOINT WARNING * * *
The two-headed ogre barely misses you.
You hit the two-headed ogre.
The two-headed ogre is lightly wounded.
You slash the hippogriff! The hippogriff bites you.
You die...

... #....# #.
...# #....# #.
##..# #####....#
#. ....
...#.#### .
.>#.####.#.### .
#.# ...#../..#
#.####.#.....#
#....<.......#
#@#######....#
#.OH.........###
###.##########
#.# #.# ... ...
...


You could see a two-headed ogre and a hippogriff.

Vanquished Creatures
  The ghost of Spacey the Skirmisher, an amateur GrFi (D:3)
  Menkaure (D:4)
  A necrophage (D:3)
  An ice beast (D:8)
  A phantom (D:5)
  An ogre (D:5)
  3 centaurs
  A scorpion (D:8)
  A bullfrog zombie (D:5)
  An orc wizard (D:8)
  4 worker ants
  A hound skeleton (D:4)
  5 adders
  A shadow imp (D:8)
  An ooze (D:2)
  2 worms (D:4)
  4 dart slugs
  4 leopard geckos
  12 orcs
  2 ball pythons
  5 giant cockroaches
  7 goblins
  8 hobgoblins
  6 jackals
  9 kobolds
  3 quokkas
  8 bats
  8 frilled lizards
  A jackal skeleton (D:4)
  6 rats
109 creatures vanquished.

Notes
Turn   | Place    | Note
-------+----------+-------------------------------------------
     0 | D:1      | shmeve the Minotaur Berserker began the quest for the Orb.
     0 | D:1      | Reached XP level 1. HP: 19/19 MP: 0/0
   168 | D:1      | Upgraded the game from 0.20.0-4-g10b340a to 0.20.0-7-g3b7b877
   211 | D:1      | Reached XP level 2. HP: 27/27 MP: 1/1
   816 | D:2      | Found a white marble altar of Elyvilon.
  1111 | D:2      | Reached XP level 3. HP: 33/33 MP: 2/2
  1165 | D:2      | Reached ** piety under Trog
  1680 | D:3      | Noticed a necrophage
  1695 | D:3      | Killed a necrophage
  1695 | D:3      | Reached skill level 5 in Axes
  1695 | D:3      | Reached XP level 4. HP: 32/38 MP: 3/3
  1695 | D:3      | Reached XP level 5. HP: 38/44 MP: 4/4
  1978 | D:3      | Found a sparkling altar of Nemelex Xobeh.
  2007 | D:3      | Reached skill level 5 in Fighting
  2097 | D:3      | Noticed Spacey's ghost (amateur GrFi)
  2109 | D:3      | Killed Spacey's ghost
  2109 | D:3      | Reached XP level 6. HP: 53/53 MP: 5/5
  2118 | D:3      | Found a faded altar of an unknown god.
  2331 | D:3      | Found a snail-covered altar of Cheibriados.
  2331 | D:3      | Found a shattered altar of Ashenzari.
  2332 | D:3      | Found an iron altar of Okawaru.
  2529 | D:4      | Found Qoseam's Magic Scroll Boutique.
  2546 | D:4      | Bought a scroll of remove curse for 39 gold pieces
  2546 | D:4      | Bought a scroll of identify for 26 gold pieces
  2553 | D:4      | Found a deep blue altar of Sif Muna.
  2635 | D:4      | Noticed Menkaure
  2643 | D:4      | Killed Menkaure
  2643 | D:4      | Reached XP level 7. HP: 12/60 MP: 6/6
  3299 | D:4      | Found a sacrificial altar of Ru.
  3500 | D:5      | Entered Level 5 of the Dungeon
  3761 | D:5      | Reached *** piety under Trog
  3861 | D:5      | Reached skill level 5 in Armour
  4044 | D:5      | Reached XP level 8. HP: 70/70 MP: 7/7
  4093 | D:5      | You fall through a shaft for 3 floors!
  4263 | D:8      | Reached skill level 5 in Dodging
  4378 | D:8      | Noticed a hippogriff
  4380 | D:8      | Noticed a two-headed ogre
  4387 | D:8      | HP: 1/106 [two-headed ogre/giant club (5)]
  4388 | D:8      | Slain by a hippogriff

Skill      XL: |  1  2  3  4  5  6  7  8 |
---------------+-------------------------+-----
Fighting       | 4 5 6 7 |  7.7
Axes           | 4 5 6 7 |  7.9
Armour         | 3 4 5 |  5.5
Dodging        | 3 4 5 |  5.0

Action                   |  1- 3 |  4- 6 |  7- 9 || total
-------------------------+-------+-------+-------++-------
Melee: Hand axe          |   109 |    86 |   129 ||   324
       Headbutt          |    18 |    10 |    30 ||    58
Invok: Berserk           |     1 |     1 |     1 ||     3
       Burn Spellbooks   |       |     1 |       ||     1
       Trog's Hand       |       |     1 |       ||     1
Evoke: Wand              |       |       |     2 ||     2
  Use: Potion            |     1 |       |       ||     1
  Eat: Chunk             |     3 |     5 |     5 ||    13
Armor: Chain mail        |    45 |    49 |    63 ||   157
       Animal skin       |     7 |       |       ||     7
Dodge: Dodged            |    68 |    37 |    63 ||   168
